 Dungeon Crawl Stone Soup version 0.30-a0-1043-g60ff8d5f49 (webtiles) character file.

Game seed: 1574851544243743047

9764 Laraso the Basher (level 11, 0/86 HPs)
             Began as an Armataur Berserker on Apr 9, 2023.
             Was a High Priest of Trog.
             Slain by a komodo dragon (27 damage)
             ... on level 1 of the Lair of Beasts.
             The game lasted 00:13:28 (7644 turns).

Laraso the Basher (Armataur Berserker)              Turns: 7644, Time: 00:13:29

Health: 0/86       AC:  8    Str: 33    XL:     11   Next: 27%
Magic:  11/11      EV: 19    Int:  6    God:    Trog [*****.]
Gold:   366        SH:  5    Dex: 19    Spells: 10/10 levels left

rFire   . . .      SeeInvis +    a - +1 dire flail (heavy)
rCold   . . .      Faith    .    (shield currently unavailable)
rNeg    . . .      Spirit   .    A - +0 steam dragon scales
rPois   .          Reflect  +    x - +1 helmet
rElec   +          Roll     +    (no cloak)
rCorr   .                        (no gloves)
Will    .....                    (no barding)
Stlth   ++                       z - amulet of reflection
HPRegen 0.34/turn                f - +6 ring of strength
MPRegen 0.12/turn                b - ring "Qifojext" {Drain rElec EV+5 Str+6}

@: no status effects
A: large, rugged brown scales 3, deformed body, armoured tail, roll, long
tongue, awkward tongue, see invisible, agile 1, passive freeze
a: Renounce Religion, Berserk, Trog's Hand, Brothers in Arms


You were on level 1 of the Lair of Beasts.
You worshipped Trog.
Trog was extremely pleased with you.
You visited 2 branches of the dungeon, and saw 9 of its levels.

You collected 574 gold pieces.
You spent 208 gold pieces at shops.

Inventory:

Hand Weapons
 a - a +1 heavy dire flail (weapon)
 F - a +3 heavy great mace
Missiles
 d - a throwing net (quivered)
Armour
 x - a +1 helmet (worn)
 A - +0 steam dragon scales (worn)
Jewellery
 b - the ring "Qifojext" (right hand) {Drain rElec EV+5 Str+6}
   (You acquired it on level 3 of the Dungeon)

   [ring of evasion]

   EV:        It affects your evasion (+5).
   Str:       It affects your strength (+6).
   rElec:     It insulates you from electricity.
   Drain:     It drains your maximum health when unequipped.
 f - a +6 ring of strength (left hand)
 o - a ring of resist corrosion
 s - a ring of flight
 z - an amulet of reflection (around neck)
Wands
 n - a wand of flame (21)
 w - a wand of polymorph (7)
 B - a wand of charming (12)
 D - a wand of mindburst (5)
 E - a wand of light (7)
 I - a wand of iceblast (8)
Scrolls
 e - 3 scrolls of vulnerability {unknown}
 h - 4 scrolls of blinking {unknown}
 i - 3 scrolls of enchant weapon {unknown}
 j - 4 scrolls of teleportation
 k - 2 scrolls of enchant armour {unknown}
 t - 2 scrolls of poison {unknown}
 u - a scroll of fear {unknown}
 v - 2 scrolls of noise {unknown}
 y - a scroll of identify
 G - a scroll of silence {unknown}
Potions
 c - 2 potions of cancellation
 g - a potion of flight
 l - 2 potions of curing
 m - 2 potions of mutation
 p - 4 potions of haste
 q - 3 potions of berserk rage
 r - a potion of might
 C - a potion of lignification {unknown}
 H - a potion of attraction {unknown}


   Skills:
 - Level 2.6 Fighting
 - Level 14.0 Maces & Flails
 - Level 2.4 Armour
 * Level 7.4 Dodging


You had 10 spell levels left.
You didn't know any spells.
Your spell library was empty.

Dungeon Overview and Level Annotations

Branches:
Dungeon (8/15)             Temple (0/1) D:6            Lair (1/5) D:8

Altars:
Ashenzari
Cheibriados
Elyvilon
Hepliaklqana
Nemelex Xobeh
Okawaru
Qazlal
Uskayaw
Yredelemnul
The Shining One

Shops:
D:2 =   D:4 !   D:5 *   D:6 [


Innate Abilities, Weirdness & Mutations

You are completely covered in rugged brown scales. (AC +3, +7% HP)
Armour fits poorly on your strangely shaped body.
You have a long armoured tail.
You roll when moving toward enemies. (Rampage)
Your long tongue fully drains potion bottles. (2x potion effects)
Your tongue gives you trouble enunciating. (1.5x scroll delay)
You have supernaturally acute eyesight. (SInv)
You are agile. (Dex +4, Str/Int -1)
A frigid envelope surrounds you and freezes all who hurt you.


Message History

The yak is lightly wounded.
You stick the yak like a pincushion!!!
You kill the yak!
Trog accepts your kill.
You hear an angry hiss.
The yak gores you but does no damage.
The yak is very cold.
The yak is lightly wounded.
A komodo dragon comes into view.
The yak attacks as you move away! The yak misses you.
You sock the yak!
The yak is moderately wounded.
You impale the yak!!
You kill the yak!
Trog accepts your kill.
You impale the yak!!
The yak is almost dead.
The yak barely misses you.
You hit the yak.
Your tail-slap misses the yak.
The yak is almost dead.
The yak gores you.
The yak is very cold.
You kill the yak!
Trog accepts your kill.
You roll towards the komodo dragon!
You hit the komodo dragon but do no damage.
The komodo dragon closely misses you.
You sock the komodo dragon!
The komodo dragon is moderately wounded.
The komodo dragon misses you.
You bludgeon the komodo dragon!!
The komodo dragon is almost dead.
The komodo dragon bites you!!
The komodo dragon is very cold.
The komodo dragon is almost dead.
You are too injured to fight recklessly!
You are too injured to fight recklessly!
You are too injured to fight recklessly!
You are too injured to fight recklessly!
You closely miss the komodo dragon.
The komodo dragon is almost dead.
The komodo dragon bites you!!
You die...

##.####.....................
#...........................
#.........................# .
............÷.........#..# .#
P..##.#.....÷..†......#..#...
#..##.##.÷#..#....#.†........
#..P#.##..##....####...~~....
.(.<......÷...###†.#...#~...
..........###.Fl@..#...# ...
.........)###.†###.###..~ ..
#######...##..†.#### .~~..
##....##....# .......
#...^##†...## ....###
.##....#......# ....#
................. ...#.
................#
..............##..


You could see a komodo dragon and a cane toad.

Vanquished Creatures
  2 two-headed ogres (D:8)
  2 cane toads (Lair:1)
  2 komodo dragons (Lair:1)
  A troll (D:6)
  Grinder (D:3)
  2 wyverns
  13 yaks
  2 steam dragons
  Edmund (D:4)
  6 water moccasins
  2 sky beasts
  A black bear (D:7)
  2 ice beasts
  3 orc warriors
  2 centaurs (D:8)
  5 wolves (Lair:1)
  2 phantoms
  2 kobold brigands (D:6)
  3 scorpions
  7 bullfrogs
  2 gnoll sergeants
  3 wights (D:7)
  2 howler monkeys
  2 quasits (D:6)
  9 hounds
  3 jellies
  A gnoll bouda (D:8)
  5 orc priests
  Natasha (thrice) (D:2)
  A sleepcap (D:7)
  11 orc wizards
  Robin (D:3)
  28 gnolls
  7 adders
  3 shadow imps (D:6)
  2 white imps (D:6)
  5 ufetubi (D:6)
  A worm (D:3)
  4 dart slugs
  29 orcs
  8 bats
  10 endoplasms
  3 giant cockroaches
  8 hobgoblins
  4 jackals (D:5)
  7 kobolds
  2 quokkas
  6 ball pythons
  3 frilled lizards (D:2)
  17 goblins
  4 rats
255 creatures vanquished.

Vanquished Creatures (others)
  7 demonic plants (D:6)
  2 fungi (Lair:1)
  13 plants
22 creatures vanquished.

Grand Total: 277 creatures vanquished

Notes
Turn   | Place    | Note
-------+----------+-------------------------------------------
     0 | D:1      | Laraso the Armataur Berserker began the quest for the Orb.
     0 | D:1      | Reached XP level 1. HP: 19/19 MP: 1/1
     6 | D:1      | Noticed a black bear
     6 | D:1      | Noticed a water moccasin
     7 | D:1      | Noticed a wyvern
   152 | D:1      | Reached skill level 3 in Maces & Flails
   330 | D:1      | Reached XP level 2. HP: 26/26 MP: 2/2
  1106 | D:2      | Noticed Natasha
  1114 | D:2      | Killed Natasha
  1115 | D:2      | Reached skill level 4 in Maces & Flails
  1115 | D:2      | Reached XP level 3. HP: 32/32 MP: 3/3
  1325 | D:2      | Noticed Natasha
  1329 | D:2      | Killed Natasha
  1330 | D:2      | Reached XP level 4. HP: 36/39 MP: 4/4
  1333 | D:2      | Reached ** piety under Trog
  1403 | D:2      | Noticed Natasha
  1413 | D:2      | Killed Natasha
  1427 | D:2      | Reached skill level 5 in Maces & Flails
  2045 | D:2      | Found Wesakojy's Jewellery Shoppe.
  2218 | D:3      | Reached XP level 5. HP: 44/44 MP: 5/5
  2397 | D:3      | Noticed Grinder
  2406 | D:3      | Noticed Robin
  2416 | D:3      | Killed Grinder
  2417 | D:3      | Reached skill level 6 in Maces & Flails
  2417 | D:3      | Reached XP level 6. HP: 53/53 MP: 6/6
  2423 | D:3      | Gained mutation: You have supernaturally acute eyesight.
                  | (SInv) [potion of mutation]
  2423 | D:3      | Gained mutation: A frigid envelope surrounds you and
                  | freezes all who hurt you. [potion of mutation]
  2423 | D:3      | Gained mutation: You are agile. (Dex +4, Str/Int -1)
                  | [potion of mutation]
  2425 | D:3      | Found a white marble altar of Elyvilon.
  2428 | D:3      | Killed Robin
  2924 | D:3      | Identified a scroll of acquirement
  2924 | D:3      | Acquired the ring "Qifojext" {Drain rElec EV+5 Str+6}
  2999 | D:4      | Reached skill level 7 in Maces & Flails
  3064 | D:4      | Found Kugamototu's Distillery.
  3072 | D:4      | Bought a potion of might for 52 gold pieces
  3267 | D:4      | Reached XP level 7. HP: 59/59 MP: 7/7
  3277 | D:4      | Reached *** piety under Trog
  3616 | D:4      | Noticed Edmund
  3628 | D:4      | Killed Edmund
  3629 | D:4      | Reached skill level 8 in Maces & Flails
  3758 | D:5      | Entered Level 5 of the Dungeon
  4121 | D:5      | Found Siash's Assorted Antiques.
  4129 | D:5      | Bought a scroll labelled PEAX LIMEMMIXI for 26 gold pieces
  4129 | D:5      | Bought a square bronze amulet for 130 gold pieces
  4179 | D:5      | Reached skill level 9 in Maces & Flails
  4179 | D:5      | Reached XP level 8. HP: 48/66 MP: 8/8
  4814 | D:6      | Noticed a troll
  4822 | D:6      | Killed a troll
  4823 | D:6      | Reached skill level 10 in Maces & Flails
  4945 | D:6      | Found a large runed translucent door.
  4945 | D:6      | Found a large runed translucent door.
  4966 | D:6      | Reached skill level 11 in Maces & Flails
  4966 | D:6      | Reached **** piety under Trog
  5046 | D:6      | Found a sparkling altar of Nemelex Xobeh.
  5050 | D:6      | Reached XP level 9. HP: 72/72 MP: 9/9
  5052 | D:6      | Found a hide-covered altar of Uskayaw.
  5468 | D:6      | Found Ytazuphe's Antique Armour Shop.
  5508 | D:6      | Found a staircase to the Ecumenical Temple.
  5772 | D:6      | Reached skill level 12 in Maces & Flails
  6248 | D:7      | Reached skill level 13 in Maces & Flails
  6348 | D:7      | Reached ***** piety under Trog
  6608 | D:8      | Reached XP level 10. HP: 56/79 MP: 10/10
  6695 | D:8      | Noticed a two-headed ogre
  6788 | D:8      | Killed a two-headed ogre
  6789 | D:8      | Reached skill level 14 in Maces & Flails
  6811 | D:8      | Found a staircase to the Lair.
  6915 | D:8      | Found a broken altar of Ashenzari.
  6917 | D:8      | Found a snail-covered altar of Cheibriados.
  6918 | D:8      | Found a stormy altar of Qazlal.
  6918 | D:8      | Found an iron altar of Okawaru.
  6953 | D:8      | Found a basalt altar of Yredelemnul.
  6953 | D:8      | Found a hazy altar of Hepliaklqana.
  6954 | D:8      | Found a glowing golden altar of the Shining One.
  7016 | D:8      | Noticed a two-headed ogre
  7021 | D:8      | Killed a two-headed ogre
  7021 | D:8      | Received a gift from Trog
  7331 | Lair:1   | Entered Level 1 of the Lair of Beasts
  7350 | Lair:1   | Noticed a cane toad
  7355 | Lair:1   | Reached skill level 5 in Dodging
  7368 | Lair:1   | Killed a cane toad
  7454 | Lair:1   | Reached XP level 11. HP: 65/86 MP: 11/11
  7644 | Lair:1   | Slain by a komodo dragon

Illustrated notes

Levels and vault maps discovered:
D:1:      onia_arrival_zoo_common, layout_basic, chequers_big_river
D:2:      layout_basic, serial_shops, shop, uniq_natasha
D:3:      layout_basic, nicolae_elyvilon_peaceful_grove, dk_vineyard_3,
          kennysheep_generic_room_12, uniq_grinder, uniq_robin
D:4:      layout_loops_ring, serial_shops, shop, uniq_edmund
D:5:      layout_basic, serial_shops, shop, nicolae_nh_ransacked_shop
D:6:      minmay_opposing_rooms, layout_loops_ring, jmf_multi_god_temple2,
          temple_doors_e, serial_shops, nicolae_shop_trees, serial_demonic,
          serial_demonic_f, serial_demonic_a, serial_demonic_b,
          serial_demonic_b, serial_demonic_e
D:7:      layout_basic, chequers_serial_rivers_small_a, corexii_leaking_fountain
D:8:      layout_rooms, nicolae_overflow_hidden_temple,
          grunt_temple_overflow_open, grunt_lair_entry_orc_guard_hut,
          columned_hall_lemuel
Lair:1:   layout_gridlike, beast_lair_carwin_7, lemuel_fruit_tree,
          lemuel_fruit_fields

Skill      XL: |  1  2  3  4  5  6  7  8  9 10 11 |
---------------+----------------------------------+-----
Maces & Flails | 3 4 5 6 7 9 11 13 14 | 14.0
Dodging        | 6 7 |  7.4
Fighting       | |  2.6
Armour         | |  2.4

Action                     |  1- 3 |  4- 6 |  7- 9 | 10-12 || total
---------------------------+-------+-------+-------+-------++-------
  Melee: Mace              |    60 |   116 |    25 |       ||   201
         Tailslap          |     7 |    13 |    21 |    20 ||    61
         Punch             |     1 |     3 |       |       ||     4
         Dire flail        |       |       |   203 |   134 ||   337
  Throw: Throwing net      |       |       |       |     2 ||     2
 Invoke: Berserk           |       |     1 |     3 |       ||     4
         Trog's Hand       |       |     1 |       |       ||     1
    Use: Scroll            |     3 |     3 |     3 |       ||     9
         Potion            |     1 |     3 |       |       ||     4
   Stab: Sleeping          |       |       |     1 |     1 ||     2
         Distracted        |       |       |     1 |       ||     1
         Held in net/web   |       |       |       |     2 ||     2
 Armour: Animal skin       |    30 |    10 |       |       ||    40
         Ring mail         |       |    39 |    36 |       ||    75
         Steam dragon scal |       |       |    28 |    19 ||    47
  Dodge: Dodged            |    32 |    58 |   132 |    83 ||   305
  Block: Other             |       |       |    37 |    19 ||    56

Table legend: (Time is in decaauts)
 A = Elapsed time spent in this place.
 B = Non-inter-level travel time spent in this place.
 C = Inter-level travel time spent in this place.
 D = Time resting spent in this place.
 E = Time spent auto-exploring this place.
 F = Levels seen in this place.
 G = Mean time per level.
                   A        B        C        D        E       F      G
               +--------+--------+--------+--------+--------+-----+--------+
         Total |   7718 |   7485 |    233 |   1105 |   4938 |   9 |  857.6 |
       Dungeon |   7411 |   7178 |    233 |    913 |   4922 |   8 |  926.4 |
          Lair |    306 |    306 |      0 |    192 |     16 |   1 |  306.0 |
               +--------+--------+--------+--------+--------+-----+--------+

Top non-repeatable levels by time:
     D:6: 1212 daAuts
     D:2: 1138 daAuts
     D:1: 1036 daAuts
     D:5: 969 daAuts
     D:4: 818 daAuts
     D:3: 814 daAuts
     D:7: 758 daAuts
     D:8: 665 daAuts
  Lair:1: 306 daAuts
